 Dungeon Crawl Stone Soup version 0.29-a0-925-g0a7a3d12f8 (webtiles) character file.

Game seed: 2407896253093699681

107 Sabo the Digger (level 4, -1/39 HPs)
             Began as a Troll Earth Elementalist on July 29, 2022.
             Was a Believer of Cheibriados.
             Succumbed to a water moccasin's poison
             ... in a sewer on July 30, 2022.
             The game lasted 00:17:36 (2733 turns).

Sabo the Digger (Troll Earth Elementalist)          Turns: 2733, Time: 00:17:37

Health: -1/39      AC:  4    Str: 21    XL:     4   Next: 57%
Magic:  4/6        EV: 10    Int: 18    God:    Cheibriados [**....]
Gold:   42         SH:  0    Dex: 15    Spells: 6/7 levels left

rFire   . . .      SeeInvis .   f - staff of earth
rCold   + . .      Faith    .   (no shield)
rNeg    . . .      Spirit   .   a - +0 robe
rPois   .          Reflect  .   (helmet restricted)
rElec   .          Harm     .   (no cloak)
rCorr   .          Rampage  .   (gloves unavailable)
Will    .....                   (boots unavailable)
Stlth   ++........              (no amulet)
HPRegen 0.93/turn               l - ring of protection from cold
MPRegen 0.10/turn               (no ring)

@: lethally poisoned (-1 -> -8), very slightly contaminated, hasted, very slow
A: large, unfitting armour, claws 3, regeneration 1, shaggy fur 1, tough skin 1
a: Renounce Religion, Bend Time


You were in a sewer.
You worshipped Cheibriados.
Cheibriados was pleased with you.
You visited 1 branch of the dungeon, and saw 3 of its levels.
You also visited: Sewer.

You collected 42 gold pieces.

Inventory:

Hand Weapons
 b - a +2 dagger of electrocution
 c - a +0 dagger
 h - a +0 sling
Missiles
 e - 9 poisoned darts (quivered)
Armour
 a - a +0 robe (worn)
Magical Staves
 f - a staff of earth (weapon)
Jewellery
 l - a ring of protection from cold (left claw)
Wands
 k - a wand of paralysis (11)
Scrolls
 d - a scroll of magic mapping
 i - a scroll of amnesia {unknown}
 m - a scroll of fear {unknown}
Potions
 g - a potion of degeneration {unknown}


   Skills:
 + Level 0.1 Fighting
 + Level 0.2 Short Blades
 + Level 2.3 Dodging
 + Level 1.1 Stealth
 + Level 0.2 Unarmed Combat
 + Level 2.0 Spellcasting
 + Level 0.6 Transmutations
 + Level 3.5 Earth Magic


You had 6 spell levels left.
You knew the following spells:

 Your Spells              Type           Power      Damage    Failure   Level
a - Sandblast             Erth           42%        2d11      4%          1

Your spell library contained the following spells:

 Spells                   Type           Power      Damage    Failure   Level
 Passwall                 Tmut/Erth      10%        N/A       12%         2
 Magic Dart               Conj           4%         1d3       19%         1
 Ensorcelled Hibernation  Hex/Ice        2%         N/A       26%         2
 Scorch                   Fire           2%         2d5       26%         2
 Searing Ray              Conj           2%         2d4       26%         2
 Stone Arrow              Conj/Erth      24%        3d8       26%         3
 Swiftness                Air            1%         N/A       47%         3
 Petrify                  Tmut/Erth      13%        N/A       61%         4
 Flame Wave               Conj/Fire      1%         2d4       87%         4
 Fulminant Prism          Conj/Hex       0%         3d6       87%         4
 Summon Cactus Giant      Summ           0%         N/A       100%        6


Dungeon Overview and Level Annotations

Branches:
Dungeon (3/15)              Sewer (1/1)

Altars:
Cheibriados


Innate Abilities, Weirdness & Mutations

You are too large for most types of armour.
You have claws for hands.
Your natural rate of healing is unusually fast.
You are covered in fur. (AC +1)
You have tough skin. (AC +1)


Message History

The water moccasin poisons you!
Casting: Sandblast (safe; 4% risk of failure)
Confirm with . or Enter, or press ? or * to list all spells.
Aiming: Sandblast (safe; 4% risk of failure)
Press: ? - help, Shift-Dir - straight line, f/p - water moccasin
Aim: a water moccasin (severely wounded, 72% to hit)
You feel a surge of power!
You miscast Sandblast.
You are very lightly contaminated with residual magic.
Nothing appears to happen.
You feel very sick. The water moccasin barely misses you.
You hit the water moccasin.
The water moccasin is severely wounded.
You feel very sick. The water moccasin bites you!
You are lethally poisoned!
The water moccasin poisons you!
The water moccasin completely misses you.
You miss the water moccasin.
The water moccasin is severely wounded.
You feel very sick.
The water moccasin bites you but does no damage.
The water moccasin closely misses you.
You barely miss the water moccasin.
The water moccasin is severely wounded.
* * * LOW HITPOINT WARNING * * *
You feel very sick. The water moccasin barely misses you.
You hit the water moccasin.
The water moccasin is almost dead.
* * * LOW HITPOINT WARNING * * *
You feel very sick. The water moccasin bites you.
* * * LOW HITPOINT WARNING * * *
The water moccasin bites you.
* * * LOW HITPOINT WARNING * * *
Unknown command.
It was a potion of haste.
You feel yourself speed up.
Cheibriados forgives your accidental hurry, just this once.
You die...

≈≈≈≈≈≈≈≈≈
≈≈≈≈≈≈≈≈≈
≈≈≈≈≈≈≈≈.
≈≈≈≈≈≈≈.#
≈≈≈≈≈≈≈.#
≈≈≈≈≈≈≈≈#######
≈≈≈≈≈≈≈≈S≈≈..≈≈
≈≈≈≈≈≈≈@#
≈≈≈≈≈≈≈.#
≈≈≈≈≈≈..#
≈≈≈≈≈≈≈.## #
≈≈≈≈≈≈≈≈.## #
≈≈≈≈≈≈≈≈..# ##
≈≈≈≈≈≈≈≈.####
###.
≈≈≈≈≈≈≈≈≈≈≈≈##
#.≈≈
≈≈≈≈≈≈≈≈≈≈≈≈≈###
#≈≈≈


You could see a water moccasin.

Vanquished Creatures
  Ijyb (D:2)
  2 adders (D:2)
  3 dart slugs
  5 ball pythons
  3 endoplasms
  5 giant cockroaches
  11 goblins
  4 hobgoblins
  2 kobolds (D:1)
  5 quokkas
  5 bats (D:1)
  7 frilled lizards
  A rat (D:2)
54 creatures vanquished.

Notes
Turn   | Place    | Note
-------+----------+-------------------------------------------
     0 | D:1      | Sabo the Troll Earth Elementalist began the quest for the
                  | Orb.
     0 | D:1      | Reached XP level 1. HP: 16/16 MP: 1/1
    69 | D:1      | Found a faded altar of an unknown god.
    89 | D:1      | Reached skill level 3 in Earth Magic
   141 | D:1      | Prayed at the altar of an unknown god.
   141 | D:1      | Became a worshipper of Cheibriados the Contemplative
   141 | D:1      | Reached * piety under Cheibriados
   194 | D:1      | Reached XP level 2. HP: 24/24 MP: 0/3
  1044 | D:2      | Reached XP level 3. HP: 31/31 MP: 2/4
  1264 | D:2      | Noticed Ijyb
  1308 | D:2      | Killed Ijyb
  1308 | D:2      | Reached ** piety under Cheibriados
  1376 | D:2      | Reached XP level 4. HP: 31/39 MP: 1/5
  2071 | D:2      | Identified a scroll of acquirement
  2072 | D:2      | Acquired a staff of earth
  2501 | D:3      | Found a glowing drain.
  2559 | Sewer    | Entered a sewer
  2724 | Sewer    | Noticed a water moccasin
  2732 | Sewer    | HP: 1/39 [water moccasin (4)]
  2733 | Sewer    | Succumbed to a water moccasin's poison

Illustrated notes

Levels and vault maps discovered:
D:1:      mainiacjoe_arrival_reflecting_pool, layout_rooms,
          ebering_ecumenical_altar_webs, minmay_misc_feat_tower
D:2:      kennysheep_the_goblin_king, layout_basic
D:3:      layout_loops_ring, mainiacjoe_overflow_alcove_2, serial_shops,
          nicolae_shop_waterfront, portal_sewer_entry_f, palyth_stone_intersect,
          uniq_pargi
Sewer:    sewer_co_pargi_island

Skill      XL: |  1  2  3  4 |
---------------+-------------+-----
Earth Magic    | 3 |  3.5
Dodging        | 2 |  2.3
Spellcasting   | 2 |  2.0
Fighting       | |  0.1
Short Blades   | |  0.2
Stealth        | |  1.1
Unarmed Combat | |  0.2
Transmutations | |  0.6

Action                   |  1- 3 |  4- 6 || total
-------------------------+-------+-------++-------
Melee: Dagger            |    78 |       ||    78
       Unarmed           |    13 |       ||    13
       Staff             |       |    36 ||    36
       Punch             |       |     1 ||     1
 Cast: Sandblast         |    36 |    21 ||    57
  Use: Scroll            |     2 |     2 ||     4
       Potion            |     1 |     1 ||     2
Armor: Robe              |    40 |    20 ||    60
Dodge: Dodged            |    56 |    45 ||   101

Table legend: (Time is in decaauts)
 A = Elapsed time spent in this place.
 B = Non-inter-level travel time spent in this place.
 C = Inter-level travel time spent in this place.
 D = Time resting spent in this place.
 E = Time spent auto-exploring this place.
 F = Levels seen in this place.
 G = Mean time per level.
                   A        B        C        D        E       F      G
               +--------+--------+--------+--------+--------+-----+--------+
         Total |   3274 |   3274 |      0 |   1333 |      0 |   4 |  818.5 |
       Dungeon |   3066 |   3066 |      0 |   1209 |      0 |   3 | 1022.0 |
         Sewer |    207 |    207 |      0 |    124 |      0 |   1 |  207.0 |
               +--------+--------+--------+--------+--------+-----+--------+

Top non-repeatable levels by time:
     D:2: 1966 daAuts
     D:1: 1018 daAuts
   Sewer: 207 daAuts
     D:3: 82 daAuts
